 Dungeon Crawl Stone Soup version 0.31-a0-1098-g6898e6545c (webtiles) character file.

Game seed: 11348101367652163483

18249 kae the Jinx (level 12, -7/89 HPs)
             Began as a Demonspawn Enchanter on Nov 30, 2023.
             Was an Elder of Dithmenos.
             Succumbed to a green death's poison gas
             ... in a Gauntlet.
             The game lasted 00:17:37 (15468 turns).

kae the Jinx (Demonspawn Enchanter)                Turns: 15468, Time: 00:17:37

Health: -7/89      AC: 14    Str: 12    XL:     12   Next: 26%
Magic:  17/21      EV: 14    Int: 17    God:    Dithmenos [****..]
Gold:   688        SH: 12    Dex: 14    Spells: 4/23 levels left

rFire   . . .        r - +8 dagger (venom)
rCold   . . .        u - +2 buckler
rNeg    . . .        E - +1 steam dragon scales
rPois   .            (no helmet)
rElec   .            I - +0 cloak
rCorr   .            n - +2 pair of gloves {Stlth+}
SInv    +            (no boots)
Will    .....        o - amulet of reflection
Stlth   ++++++++     v - ring of see invisible
HPRegen 0.34/turn    Z - ring of wizardry
MPRegen 0.17/turn

%: no teleportation, reflection, wizardry (x1)
@: lethally poisoned (-7 -> -47), wreathed by umbra
A: molten scales 2, demonic guardian 2, demonic touch 1
a: Renounce Religion, Shadow Step


You were in a Gauntlet.
You worshipped Dithmenos.
Dithmenos was greatly pleased with you.
You visited 2 branches of the dungeon, and saw 14 of its levels.
You also visited: Sewer, Ossuary and Gauntlet.

You collected 688 gold pieces.


Innate Abilities, Weirdness & Mutations

You are mostly covered in molten scales. (AC +3)
A demonic guardian rushes to your aid.
Your touch may inflict minor irresistible damage on your foes.


   Skills:
 + Level 6.5 Fighting
 * Level 8.4 Short Blades
 - Level 4.0 Armour
 + Level 6.1 Dodging
 * Level 9.6 Stealth
 + Level 3.9 Shields
 + Level 6.3 Spellcasting
 * Level 9.7 Hexes


You had 4 spell levels left.
You knew the following spells:

 Your Spells              Type           Power      Damage    Failure   Level
a - Ensorcelled Hibernat  Hex/Ice        42%        N/A       1%          2
b - Confusing Touch       Hex            38%        N/A       1%          3
c - Tukima's Dance        Hex            38%        N/A       1%          3
d - Dazzling Flash        Conj/Hex       42%        N/A       2%          3
e - Cause Fear            Hex            19%        N/A       1%          4
f - Anguish               Hex/Necr       10%        N/A       9%          4

Your spell library contained the following spells:

 Spells                   Type           Power      Damage    Failure   Level
 Jinxbite                 Hex            76%        N/A       1%          2
 Sigil of Binding         Hex            38%        N/A       1%          3
 Kiss of Death            Conj/Necr      20%        2d7       7%          1
 Dimensional Bullseye     Hex/Tloc       10%        N/A       9%          4
 Leda's Liquefaction      Hex/Erth       10%        N/A       9%          4
 Cigotuvi's Dreadful Rot  Necr/Pois/Air  10%        N/A       11%         2
 Call Canine Familiar     Summ           5%         N/A       21%         3
 Frozen Ramparts          Ice            10%        1d2       21%         3
 Hailstorm                Conj/Ice       5%         3d4       21%         3
 Dispel Undead            Necr           5%         3d7       52%         4
 Petrify                  Tmut/Erth      5%         N/A       52%         4
 Summon Ice Beast         Ice/Summ       5%         N/A       52%         4
 Metabolic Englaciation   Hex/Ice        10%        N/A       26%         5
 Enfeeble                 Hex            19%        N/A       67%         7
 Summon Forest            Summ/Tloc      2%         N/A       86%         5
 Death Channel            Necr           2%         N/A       100%        6
 Eringya's Noxious Bog    Tmut/Pois      2%         4d6       100%        6
 Simulacrum               Ice/Necr       2%         N/A       100%        6
 Summon Hydra             Summ           2%         N/A       100%        7

Inventory:

Hand Weapons
 a - a +1 dagger
 r - a +8 dagger of venom (weapon)
   (You took it off a goblin on level 4 of the Dungeon)
Missiles
 d - 132 stones
 g - 35 poisoned darts
 i - 10 boomerangs
 m - 2 throwing nets {=f!f}
 M - a curare-tipped dart {=f}
Armour
 b - a +0 robe
 n - a +2 pair of gloves of stealth (worn)
   (You found it on level 3 of the Dungeon)
 u - a +2 buckler (worn)
   (You found it on level 5 of the Dungeon)
 E - +1 steam dragon scales (worn)
   (You found it on level 8 of the Dungeon)
 I - a +0 cloak (worn)
   (You found it on level 7 of the Dungeon)
Magical Staves
 h - a staff of conjuration {!a}
   (You took it off a goblin on level 2 of the Dungeon)
 j - a staff of conjuration {!a}
   (You found it on level 1 of the Dungeon)
Jewellery
 f - a ring of fire
   (You took it off a gnoll bouda on level 6 of the Dungeon)
 o - an amulet of reflection (around neck)
   (You found it on level 3 of the Dungeon)
 v - a ring of see invisible (left hand)
   (You found it on level 10 of the Dungeon)
 A - an amulet of the acrobat
   (You found it on level 5 of the Dungeon)
 F - a ring of fire
   (You found it on level 5 of the Dungeon)
 Z - a ring of wizardry (right hand)
   (You found it on level 11 of the Dungeon)
Wands
 s - a wand of flame (39)
   (You took it off Blork the orc on level 5 of the Dungeon)
 J - a wand of iceblast (10)
   (You found it on level 10 of the Dungeon)
 O - a wand of charming (3)
   (You found it on level 12 of the Dungeon)
Scrolls
 q - 2 scrolls of blinking {!r}
 x - 5 scrolls of fog
 z - 3 scrolls of fear
 G - 2 scrolls of silence {!r}
 N - 5 scrolls of teleportation {@r4}
Potions
 c - 3 potions of curing {@q1}
 e - 3 potions of might
 k - a potion of heal wounds {@q2}
 l - 5 potions of mutation {!q}
 p - 3 potions of enlightenment
 t - 2 potions of cancellation
 w - 4 potions of haste {@q3}
 y - 3 potions of brilliance
 B - a potion of magic {unknown}
 C - 4 potions of degeneration {!q}
 D - a potion of attraction {!q}
 H - a potion of ambrosia

Dungeon Overview and Level Annotations

Branches:
Dungeon (13/15) Zot: 26959  Temple (1/1) D:6 Zot: 5971    Lair (0/5) D:10
    Orc (0/2) D:9           Sewer (visited)         Ossuary (visited)
Gauntlet (1/1) Zot: 5497
 Vaults: D:13-14

Altars:
Ashenzari
Cheibriados
Dithmenos
Fedhas
Gozag
Hepliaklqana
Kikubaaqudgha
Makhleb
Nemelex Xobeh
Okawaru
Qazlal
Ru
Sif Muna
Trog
Uskayaw
Vehumet
Wu Jian
Xom
Yredelemnul

Shops:
D:1 :

Annotations:
D:11 1 exclusion Gauntlet 13 transporters

...###########.#........#8#
.≈...........#.#........#####
≈8≈....#######.#######.....≈###
§§.....#©...........©#......#8#
...#######################..###
...#t........#§#...°§2°°.#..#
...#..##.##..#≈#^#○○4..#.#..###
...#.##...##.#≈#.○#####^.#..#8#
...#.#.....#.#≈#@.##^##..#..###
...#....©....#8#....©....#..#
...#.#.....#.#≈#..##.##..#..###
...#.##...##.#§#.^#####^.#..#8#
...#..##.##..#§#^#.....#.#..###
...#..=}©.$..#≈#...?©[=..#..#
§§.#######################..###
.§§§...#©...........©#......#8#
≈8≈....#######.#######.....≈###


You could see a green death.


Message History

You block the orange demon's attack. The orange demon misses you. 😕 HP[-4]
You take 4 damage, and now have 77/89 hp.
You barely miss the orange demon.
You feel very sick.
Your sun demon hits the orange demon!!
The orange demon dies!
Dithmenos accepts your kill.
No target in view! 😕 HP[-3] MP[+1]
You take 3 damage, and now have 74/89 hp.
You feel very sick. 😕 HP[-3]
You take 3 damage, and now have 71/89 hp.
No reachable target in view!
No reachable target in view!
You feel very sick. 😕 HP[-4]
You take 4 damage, and now have 67/89 hp.
A green death is nearby!
A green death is nearby!
A green death is nearby!
A green death is nearby!
A green death is nearby!
Unknown command.
A green death is nearby!
A green death is nearby!
You feel sick. 😮 HP[-2]
You take 2 damage, and now have 65/89 hp.
You feel sick. 😮 HP[-1]
You take 1 damage, and now have 64/89 hp.
You feel sick. The green death drops a net on you.
You become entangled in the net! 😮 HP[-2]
You take 2 damage, and now have 62/89 hp.
You tear a large gash into the net.
You feel sick.
Your sun demon disappears in a puff of smoke! 😮 HP[-1] MP[+1]
You take 1 damage, and now have 61/89 hp.
Your mp is fully restored (21).
Unknown command.
You struggle against the net.
You feel sick. The green death gestures at you. The blast of poison misses you.
Unknown command.
You shred the net and break free!
You are engulfed in poison gas.
You are more poisoned.
You feel very sick. 😮 HP[-10]
You take 10 damage, and now have 51/89 hp.
Casting: Ensorcelled Hibernation (safe; 1% risk of failure)
Confirm with . or Enter, or press ? or * to list all spells.
Aiming: Ensorcelled Hibernation (safe; 1% risk of failure)
Press: ? - help, Shift-Dir - straight line, f - green death
Aim: a green death (poison gas, umbra, chance to affect: 0%)
The green death resists with almost no effort.
You are engulfed in poison gas.
You are more poisoned.
You feel extremely sick. The green death hits you!
* * * LOW HITPOINT WARNING * * *
😨 HP[-26] MP[-2]
You take 26 damage, and now have 25/89 hp.
MASSIVE DAMAGE!! (PAUSE)
You lost 2 mp, and now have 19/21 mp.
Casting: Ensorcelled Hibernation (safe; 1% risk of failure)
Confirm with . or Enter, or press ? or * to list all spells.
Aiming: Ensorcelled Hibernation (safe; 1% risk of failure)
Press: ? - help, Shift-Dir - straight line, f/p - green death
Aim: a green death (poison gas, umbra, chance to affect: 0%)
The green death resists with almost no effort.
You are engulfed in poison gas.
You are lethally poisoned!
* * * LOW HITPOINT WARNING * * *
x2 You feel extremely sick.
The green death gestures at you. The blast of poison engulfs you!
You are more poisoned.
* * * LOW HITPOINT WARNING * * *
A demonic guardian appears! 😱 HP[-22] MP[-2]
You take 22 damage, and now have 3/89 hp.
MASSIVE DAMAGE!! (PAUSE)
You lost 2 mp, and now have 17/21 mp.
You feel much better.
You are engulfed in poison gas.
You are more poisoned.
* * * LOW HITPOINT WARNING * * *
x2 You feel extremely sick.
The green death hits you!
* * * LOW HITPOINT WARNING * * *
Your hellwing hits the green death!
Your hellwing hits the green death. 😱 HP[-1]
You take 1 damage, and now have 2/89 hp.
Blink to where?
Press: ? - help, Dir - move target, p - green death
As you read the scroll of blinking {!r}, it crumbles to dust.
You die...

Skill      XL: |  1  2  3  4  5  6  7  8  9 10 11 12 |
---------------+-------------------------------------+-----
Short Blades   | 1 2 3 5 6 7 8 |  8.4
Stealth        | 3 4 5 6 7 8 9 |  9.6
Dodging        | 2 3 4 5 6 |  6.1
Fighting       | 1 2 4 5 6 |  6.5
Hexes          | 4 5 6 7 8 9 |  9.7
Spellcasting   | 3 4 5 6 |  6.3
Armour         | 1 2 3 4 |  4.0
Shields        | 1 2 3 |  3.9

Action                     |  1- 3 |  4- 6 |  7- 9 | 10-12 || total
---------------------------+-------+-------+-------+-------++-------
  Melee: Dagger            |    80 |   221 |   467 |   590 ||  1358
         Touch             |    10 |    34 |    82 |       ||   126
         Punch             |     1 |       |     5 |       ||     6
   Cast: Ensorcelled Hiber |     6 |    21 |    21 |    65 ||   113
         Confusing Touch   |       |     2 |    12 |    12 ||    26
         Anguish           |       |       |       |     1 ||     1
 Invoke: Shadow Step       |       |       |       |     1 ||     1
    Use: Scroll            |     4 |     2 |    14 |    14 ||    34
         Potion            |       |     2 |     2 |     1 ||     5
   Stab: Sleeping          |     9 |    17 |    38 |    50 ||   114
         Invisible         |       |     2 |     1 |       ||     3
         Distracted        |       |       |     2 |     2 ||     4
         Confused          |       |       |     4 |    12 ||    16
 Armour: Robe              |    46 |    94 |   168 |    14 ||   322
         Skin              |       |    18 |       |       ||    18
         Steam dragon scal |       |       |       |   192 ||   192
  Dodge: Dodged            |    58 |   118 |   188 |   287 ||   651
  Block: Other             |       |    25 |    56 |       ||    81
         Reflection        |       |     1 |     2 |    11 ||    14
         Buckler           |       |       |    17 |   298 ||   315

Levels and vault maps discovered:
D:1:      kb_arrival_jail, layout_loops_ring, serial_shops,
          nicolae_shop_statue_plus, nicolae_kite_square_tiling_tiny
D:2:      layout_loops_ring, nrook_uturn, st_stairs_8,
          dreamdust_mushroom_princess, minmay_tromino_i4
D:3:      layout_basic, mainiacjoe_overflow_alcove_2
D:4:      layout_loops_corners, mainiacjoe_overflow_brackets, uniq_robin
D:5:      layout_basic, minitemple, xom_teletrap_fun, serial_bayou,
          serial_bayou_pond_b, serial_bayou_lake_a, serial_bayou_crossing,
          serial_bayou_lagoon_a, serial_bayou_shore_b, gup_sewer_entry_bubbles,
          grunt_decor_resistance, uniq_blork_the_orc
D:6:      layout_loops_ring, minmay_temple_entry_hall
D:7:      layout_basic, mainiacjoe_overflow_surrounded_room, enter_ossuary_3
D:8:      layout_rooms, kennysheep_little_box
D:9:      layout_grid_maze, mainiacjoe_overflow_concentric_impassable,
          erik_orc_3
D:10:     minmay_skewed_foursquare, layout_rooms, minmay_misc_feat_chi
D:11:     layout_roguey
D:12:     layout_stronghold, serial_co_window_serial,
          co_window_of_opportunity_a, co_window_paths_a,
          co_window_of_opportunity_a, co_window_paths_a, co_window_corner_a,
          co_window_corner_cb, co_window_cross_2, co_window_unsneaky_path_c,
          co_window_broadway_a, co_window_cross_2, co_window_of_opportunity_b,
          co_window_paths_d, glass_columns_a, glass_columns_a, glass_columns_a,
          glass_columns_a, glass_columns_a
D:13:     layout_stronghold, gammafunk_ghost_icy, gauntlet_entry_generic,
          einodemon_crawler_minivault, uniq_frances, uniq_nessos
Temple:   eino_temple_water
Gauntlet: gammafunk_gauntlet_branching [gammafunk_gauntlet_arena_teeth,
          nicolae_gauntlet_arena_grate_2, gammafunk_gauntlet_arena_grid,
          gammafunk_gauntlet_arena_corners,
          gammafunk_gauntlet_arena_split_diamond, nicolae_gauntlet_arena_blocks,
          nicolae_gauntlet_swirl, gammafunk_gauntlet_arena_spirals,
          gauntlet_exit_green]

Notes
Turn   | Place    | Note
-------+----------+-------------------------------------------
     0 | D:1      | kae the Demonspawn Enchanter began the quest for the Orb.
     0 | D:1      | Reached XP level 1. HP: 13/13 MP: 3/3
     0 | D:1      | magus.rc [v1.11.3]
     2 | D:1      | Noticed a troll
     2 | D:1      | Noticed a spriggan
     4 | D:1      | Noticed a demonspawn
     4 | D:1      | Noticed a human
     8 | D:1      | Noticed a felid
     8 | D:1      | Noticed a merfolk
    10 | D:1      | Noticed a minotaur
    10 | D:1      | Noticed a ghoul
    12 | D:1      | Noticed a formicid
    12 | D:1      | Noticed a draconian
    14 | D:1      | Noticed a demigod
    14 | D:1      | Noticed a vine stalker
    16 | D:1      | Noticed a vampire
    16 | D:1      | Noticed an ogre
    18 | D:1      | Noticed an armataur
    18 | D:1      | Noticed an elf
    20 | D:1      | Noticed an octopode
    20 | D:1      | Noticed a tengu
    22 | D:1      | Noticed a gargoyle
    22 | D:1      | Noticed a meteoran
    24 | D:1      | Noticed an armataur
    26 | D:1      | Noticed a ghoul
    26 | D:1      | Noticed a felid
    57 | D:1      | Reached skill level 1 in Short Blades
    76 | D:1      | HP: 3/13 [rat (1)]
   147 | D:1      | Gained mutation: Your touch may inflict minor irresistible
                  | damage on your foes. [demonic ancestry]
   147 | D:1      | Reached XP level 2. HP: 20/20 MP: 5/5
   150 | D:1      | Learned a level 2 spell: Ensorcelled Hibernation
   163 | D:1      | HP: 4/20 [quokka (4)]
   163 | D:1      | HP: 1/20 [frozen (3)]
   169 | D:1      | Reached skill level 3 in Stealth
   265 | D:1      | You pick up a book of the Tundra and begin reading...
   265 | D:1      | You add the spells Hailstorm, Summon Ice Beast and
                  | Simulacrum to your library.
   387 | D:1      | Reached XP level 3. HP: 25/25 MP: 6/6
   391 | D:1      | Learned a level 3 spell: Confusing Touch
   475 | D:1      | Found Hoetaz's Book Shop.
   640 | D:1      | Reached skill level 2 in Dodging
   958 | D:2      | HP: 6/25 [poisoned by an adder]
   959 | D:2      | Reached skill level 1 in Fighting
   963 | D:2      | HP: 2/26 [poisoned by an adder]
  1077 | D:2      | Reached XP level 4. HP: 21/32 MP: 7/7
  1218 | D:2      | Identified the +5 pair of gloves of Mais {rN+++ Str-5 Int+8
                  | Slay-4}
  1858 | D:2      | HP: 8/32 [poisoned by an adder]
  2254 | D:3      | Reached skill level 2 in Short Blades
  2281 | D:3      | HP: 7/48 [gnoll/+0 mace of holy wrath (6)]
  2281 | D:3      | HP: 2/48 [gnoll/+0 mace of holy wrath (5)]
  2290 | D:3      | HP: 4/48 [gnoll/+0 club (1)]
  2293 | D:3      | Gained mutation: A weak demonic guardian rushes to your
                  | aid. [demonic ancestry]
  2293 | D:3      | Reached XP level 5. HP: 5/37 MP: 8/8
  2296 | D:3      | HP: 4/55 [gnoll/+0 club (2)]
  2595 | D:3      | Found a basalt altar of Yredelemnul.
  2804 | D:3      | Learned a level 3 spell: Tukima's Dance
  2849 | D:3      | You pick up a book of Sloth and begin reading...
  2849 | D:3      | You add the spells Frozen Ramparts, Petrify and Metabolic
                  | Englaciation to your library.
  3401 | D:4      | Reached skill level 4 in Hexes
  3525 | D:4      | Noticed a black bear
  3598 | D:4      | Killed a black bear
  3599 | D:4      | Reached skill level 4 in Stealth
  3599 | D:4      | Gained mutation: You are partially covered in molten
                  | scales. (AC +2) [demonic ancestry]
  3599 | D:4      | Reached XP level 6. HP: 39/44 MP: 5/10
  3621 | D:4      | Found a broken altar of Ashenzari.
  3822 | D:4      | Noticed Robin
  4020 | D:4      | Killed Robin
  4362 | D:4      | You pick up a book of Decay and begin reading...
  4362 | D:4      | You add the spells Cigotuvi's Dreadful Rot, Dispel Undead
                  | and Death Channel to your library.
  4481 | D:5      | Entered Level 5 of the Dungeon
  4481 | D:5      | Noticed Blork the orc
  4488 | D:5      | Killed Blork the orc
  4489 | D:5      | Reached skill level 2 in Fighting
  4489 | D:5      | Reached skill level 3 in Short Blades
  4500 | D:5      | Gained mutation: A demonic guardian rushes to your aid.
                  | [demonic ancestry]
  4500 | D:5      | Reached XP level 7. HP: 50/50 MP: 6/11
  4570 | D:5      | Reached skill level 3 in Spellcasting
  4617 | D:5      | Reached skill level 3 in Dodging
  4628 | D:5      | HP: 10/51 [orc priest/+0 falchion (3)]
  4649 | D:5      | Found a burning altar of Makhleb.
  4856 | D:5      | Found a shimmering altar of Xom.
  4910 | D:5      | Reached skill level 5 in Hexes
  4954 | D:5      | Reached skill level 5 in Stealth
  5007 | D:5      | Reached XP level 8. HP: 56/57 MP: 13/13
  5032 | D:5      | Found a glowing drain.
  5036 | D:5      | Reached skill level 4 in Short Blades
  5039 | Sewer    | Entered a sewer
  5291 | Sewer    | Reached skill level 3 in Fighting
  5359 | D:5      | Learned a level 3 spell: Dazzling Flash
  5444 | D:5      | You pick up a book of the Hunter and begin reading...
  5444 | D:5      | You add the spells Sigil of Binding, Call Canine Familiar,
                  | Dimensional Bullseye and Leda's Liquefaction to your
                  | library.
  6200 | D:6      | Found a staircase to the Ecumenical Temple.
  6216 | Temple   | Entered the Ecumenical Temple
  6230 | Temple   | Became a worshipper of Dithmenos the Shadowed
  6366 | D:6      | You pick up a book of Touch and begin reading...
  6387 | D:6      | Reached skill level 6 in Hexes
  6392 | D:6      | Reached skill level 6 in Stealth
  6400 | D:6      | HP: 14/59 [acid (5)]
  6667 | D:6      | Reached skill level 4 in Spellcasting
  6980 | D:6      | Reached skill level 5 in Short Blades
  7076 | D:7      | Noticed a two-headed ogre
  7081 | D:7      | HP: 15/60 [two-headed ogre/+0 giant spiked club (23)]
  7082 | D:7      | Killed a two-headed ogre
  7083 | D:7      | Reached skill level 4 in Fighting
  7083 | D:7      | Reached skill level 4 in Dodging
  7083 | D:7      | Gained mutation: You are mostly covered in molten scales.
                  | (AC +3) [demonic ancestry]
  7083 | D:7      | Reached XP level 9. HP: 16/65 MP: 12/15
  7267 | D:7      | Found a sand-covered staircase.
  7276 | D:7      | Found a hide-covered altar of Uskayaw.
  7311 | D:7      | Reached * piety under Dithmenos
  7336 | Ossuary  | Entered an ossuary
  7691 | Ossuary  | Reached ** piety under Dithmenos
  7780 | Ossuary  | Reached skill level 7 in Hexes
  8225 | D:7      | Reached skill level 7 in Stealth
  8723 | D:8      | Reached skill level 6 in Short Blades
  8731 | D:8      | Reached skill level 1 in Armour
  8745 | D:8      | Reached skill level 1 in Shields
  8745 | D:8      | Reached XP level 10. HP: 61/73 MP: 10/17
  8905 | D:8      | Found a sacrificial altar of Ru.
  9444 | D:9      | Reached *** piety under Dithmenos
  9591 | D:9      | Noticed a two-headed ogre
  9845 | D:9      | Found a staircase to the Orcish Mines.
  9863 | D:9      | Reached skill level 5 in Fighting
  9863 | D:9      | Reached skill level 5 in Spellcasting
 10060 | D:9      | Reached skill level 2 in Armour
 10280 | D:9      | Found a stormy altar of Qazlal.
 10293 | D:9      | Reached skill level 5 in Dodging
 10293 | D:9      | Reached skill level 2 in Shields
 10377 | D:9      | Killed a two-headed ogre
 10378 | D:9      | Reached skill level 8 in Stealth
 10378 | D:9      | Reached skill level 8 in Hexes
 10974 | D:10     | Entered Level 10 of the Dungeon
 10993 | D:10     | Noticed a red ugly thing
 11031 | D:10     | HP: 2/74 [white ugly thing (17)]
 11033 | D:10     | Killed a white ugly thing
 11034 | D:10     | Reached skill level 7 in Short Blades
 11296 | D:10     | Reached XP level 11. HP: 53/80 MP: 19/19
 11677 | D:10     | Reached **** piety under Dithmenos
 11939 | D:10     | Found a staircase to the Lair.
 12401 | D:10     | Identified a scroll of acquirement
 12401 | D:10     | Acquired a book of Hexes
 12402 | D:10     | You pick up a book of Hexes and begin reading...
 12402 | D:10     | You add the spells Anguish, Cause Fear and Enfeeble to your
                  | library.
 12408 | D:10     | Learned a level 4 spell: Cause Fear
 12413 | D:10     | Learned a level 4 spell: Anguish
 12429 | D:11     | Reached skill level 3 in Armour
 12536 | D:11     | Reached skill level 3 in Shields
 12539 | D:11     | HP: 20/81 [yak (8)]
 12735 | D:11     | Identified the +0 chain mail of Filth {Harm Drain Fly SInv}
 13096 | D:11     | Noticed a sun demon
 13205 | D:10     | Reached skill level 9 in Hexes
 13465 | D:11     | Reached skill level 6 in Fighting
 13513 | D:11     | Reached skill level 9 in Stealth
 13840 | D:12     | Noticed a deep elf pyromancer
 13846 | D:12     | Killed a deep elf pyromancer
 13903 | D:12     | Noticed a two-headed ogre
 13906 | D:12     | Killed a two-headed ogre
 13907 | D:12     | Reached skill level 8 in Short Blades
 13907 | D:12     | Reached skill level 6 in Spellcasting
 13925 | D:12     | You add the spells Summon Forest, Eringya's Noxious Bog and
                  | Summon Hydra to your library.
 13984 | D:12     | Noticed a deep elf pyromancer
 13987 | D:12     | Killed a deep elf pyromancer
 14166 | D:12     | Noticed a two-headed ogre
 14174 | D:12     | Killed a two-headed ogre
 14175 | D:12     | Reached XP level 12. HP: 64/89 MP: 16/21
 14315 | D:12     | Reached skill level 6 in Dodging
 14488 | D:12     | You pick up a book of Dreams and begin reading...
 14953 | D:13     | Found a gate leading to a gauntlet.
 14962 | Gauntlet | Entered a Gauntlet
 14962 | Gauntlet | Found a transporter.
 14962 | Gauntlet | Found a transporter.
 14966 | Gauntlet | Found a transporter.
 14966 | Gauntlet | Found a transporter.
 14966 | Gauntlet | Noticed a tengu warrior
 14973 | Gauntlet | Found a transporter.
 14984 | Gauntlet | Found a transporter.
 14987 | Gauntlet | Found a transporter.
 14995 | Gauntlet | Found a transporter.
 15010 | Gauntlet | Noticed a great orb of eyes
 15011 | Gauntlet | Found a transporter.
 15014 | Gauntlet | Found a transporter.
 15023 | Gauntlet | Found a transporter.
 15112 | Gauntlet | Found a transporter.
 15128 | Gauntlet | Found a transporter.
 15141 | Gauntlet | Found a transporter.
 15228 | Gauntlet | Found a transporter.
 15246 | Gauntlet | Noticed a green death
 15246 | Gauntlet | Found the ring of the Octopus King
 15248 | Gauntlet | Found a transporter.
 15392 | Gauntlet | Killed a tengu warrior
 15393 | Gauntlet | Reached skill level 4 in Armour
 15466 | Gauntlet | HP: 18/89 [green death] (7)]
 15466 | Gauntlet | HP: 3/89 [green death/blast of poison (8)]
 15468 | Gauntlet | Succumbed to a green death's poison gas

Vanquished Creatures
  A tengu warrior (Gauntlet)
  3 two-headed ogres
  3 deep elf pyromancers (D:12)
  An ugly thing (D:13)
  A gargoyle (D:12)
  2 kobold demonologists (D:10)
  An efreet (D:12)
  3 trolls
  2 tengu conjurers (Gauntlet)
  A hornet (D:9)
  4 slime creatures (D:11)
  A shadow (D:10)
  13 yaks
  A wraith (D:12)
  2 wyverns
  4 vampire mosquitoes (D:11)
  A steam dragon (D:8)
  2 water moccasins
  10 orc warriors
  A black bear (D:4)
  An ice beast (D:5)
  3 centaurs
  3 ogres
  2 phantoms (D:5)
  3 kobold brigands
  Blork the orc (D:5)
  2 bullfrogs
  15 wights
  2 scorpions (D:6)
  7 killer bees
  6 howler monkeys
  11 orc priests
  A human zombie (D:7)
  2 jellies
  2 gnoll boudas
  4 sleepcaps (D:6)
  6 hounds
  3 iguanas
  14 orc wizards
  13 mummies (Ossuary)
  Robin (D:4)
  16 gnolls
  A river rat (D:5)
  13 adders
  A white imp (D:6)
  2 dart slugs
  2 worms (D:2)
  49 orcs
  13 ball pythons
  12 endoplasms
  14 giant cockroaches
  10 hobgoblins
  4 jackals (D:4)
  20 kobolds
  10 quokkas
  6 bats
  9 frilled lizards
  3 gnoll skeletons (Ossuary)
  19 goblins
  A goblin skeleton (Ossuary)
  2 kobold skeletons (Ossuary)
  2 orc skeletons (Ossuary)
  7 rats
  11 rat skeletons (Ossuary)
386 creatures vanquished.

Vanquished Creatures (collateral kills)
  A two-headed ogre (D:7)
  An ugly thing (D:10)
  An orange demon (Gauntlet)
  4 yaks
  A centaur (D:10)
  2 bullfrogs
  A kobold brigand (D:10)
  5 wights
  2 killer bees (D:9)
  A howler monkey (D:10)
  An orc priest (D:5)
  A gnoll bouda (D:7)
  A gnoll (D:7)
  2 orcs
  2 quokkas (Sewer)
  2 frilled lizards
28 creatures vanquished.

Grand Total: 414 creatures vanquished

Table legend:
 A = Non-vault XP
 B = Vault XP
 C = Vault XP percentage of total XP
 D = Non-vault monster count
 E = Vault monster count
 F = Vault count percentage of total count
                 A         B        C        D         E       F
            +---------+---------+-------+---------+---------+-------
      Total |   21765 |    4306 |  16.5 |     286 |     127 |  30.8
            +---------+---------+-------+---------+---------+-------
        D:1 |      57 |       0 |   0.0 |      28 |       0 |   0.0
        D:2 |      87 |      12 |  12.1 |      19 |       5 |  20.8
        D:3 |     134 |       0 |   0.0 |      22 |       0 |   0.0
        D:4 |     209 |      39 |  15.7 |      16 |      13 |  44.8
        D:5 |     598 |     333 |  35.8 |      20 |      12 |  37.5
        D:6 |    1110 |       0 |   0.0 |      29 |       0 |   0.0
        D:7 |    1755 |      43 |   2.4 |      24 |       1 |   4.0
        D:8 |    1891 |       0 |   0.0 |      20 |       0 |   0.0
        D:9 |    2594 |     632 |  19.6 |      25 |      14 |  35.9
       D:10 |    4158 |     910 |  18.0 |      38 |       5 |  11.6
       D:11 |    3652 |       0 |   0.0 |      29 |       0 |   0.0
       D:12 |    4971 |       0 |   0.0 |      15 |       0 |   0.0
       D:13 |     549 |       0 |   0.0 |       1 |       0 |   0.0
      Sewer |       0 |     196 | 100.0 |       0 |      41 | 100.0
    Ossuary |       0 |     253 | 100.0 |       0 |      32 | 100.0
   Gauntlet |       0 |    1888 | 100.0 |       0 |       4 | 100.0
            +---------+---------+-------+---------+---------+-------

Skill      XL: |  1  2  3  4  5  6  7  8  9 10 11 12 |
---------------+-------------------------------------+-----
Short Blades   | 1 2 3 5 6 7 8 |  8.4
Stealth        | 3 4 5 6 7 8 9 |  9.6
Dodging        | 2 3 4 5 6 |  6.1
Fighting       | 1 2 4 5 6 |  6.5
Hexes          | 4 5 6 7 8 9 |  9.7
Spellcasting   | 3 4 5 6 |  6.3
Armour         | 1 2 3 4 |  4.0
Shields        | 1 2 3 |  3.9

Action                     |  1- 3 |  4- 6 |  7- 9 | 10-12 || total
---------------------------+-------+-------+-------+-------++-------
  Melee: Dagger            |    80 |   221 |   467 |   590 ||  1358
         Touch             |    10 |    34 |    82 |       ||   126
         Punch             |     1 |       |     5 |       ||     6
   Cast: Ensorcelled Hiber |     6 |    21 |    21 |    65 ||   113
         Confusing Touch   |       |     2 |    12 |    12 ||    26
         Anguish           |       |       |       |     1 ||     1
 Invoke: Shadow Step       |       |       |       |     1 ||     1
    Use: Scroll            |     4 |     2 |    14 |    14 ||    34
         Potion            |       |     2 |     2 |     1 ||     5
   Stab: Sleeping          |     9 |    17 |    38 |    50 ||   114
         Invisible         |       |     2 |     1 |       ||     3
         Distracted        |       |       |     2 |     2 ||     4
         Confused          |       |       |     4 |    12 ||    16
 Armour: Robe              |    46 |    94 |   168 |    14 ||   322
         Skin              |       |    18 |       |       ||    18
         Steam dragon scal |       |       |       |   192 ||   192
  Dodge: Dodged            |    58 |   118 |   188 |   287 ||   651
  Block: Other             |       |    25 |    56 |       ||    81
         Reflection        |       |     1 |     2 |    11 ||    14
         Buckler           |       |       |    17 |   298 ||   315

Illustrated notes

Table legend:
 A = Kills in this place as a percentage of kills in the entire game.
 B = Kills by you in this place as a percentage of kills by you in the entire game.
 C = Kills by friends in this place as a percentage of kills by friends in the entire game.
 D = Other kills in this place as a percentage of other kills in the entire game.
 E = Experience gained in this place as a percentage of experience gained in the entire game.
 F = Experience gained in this place divided by the number of levels of this place that you have seen.
                   A       B       C       D       E      F
               +-------+-------+-------+-------+-------+----------------------
         Total | 100.0 | 100.0 | 100.0 | 100.0 | 100.0 | 1533.6
       Dungeon |  81.4 |  81.5 |  82.1 |  50.0 |  91.0 | 1825.7
         Sewer |   9.9 |   9.7 |  14.3 |   0.0 |   0.8 | 196.0
       Ossuary |   7.7 |   8.1 |   0.0 |  50.0 |   1.0 | 253.0
      Gauntlet |   1.0 |   0.8 |   3.6 |   0.0 |   7.2 | 1888.0
               +-------+-------+-------+-------+-------+----------------------

Table legend: (Time is in decaauts)
 A = Elapsed time spent in this place.
 B = Non-inter-level travel time spent in this place.
 C = Inter-level travel time spent in this place.
 D = Time resting spent in this place.
 E = Time spent auto-exploring this place.
 F = Levels seen in this place.
 G = Mean time per level.
                   A        B        C        D        E       F      G
               +--------+--------+--------+--------+--------+-----+--------+
         Total |  15290 |  14813 |    477 |    823 |  10813 |  17 |  899.4 |
       Dungeon |  13819 |  13369 |    450 |    782 |   9939 |  13 | 1063.0 |
        Temple |     28 |      1 |     27 |      0 |      0 |   1 |   28.0 |
         Sewer |    357 |    357 |      0 |      0 |    114 |   1 |  357.0 |
       Ossuary |    583 |    583 |      0 |      0 |    419 |   1 |  583.0 |
      Gauntlet |    502 |    502 |      0 |     41 |    341 |   1 |  502.0 |
               +--------+--------+--------+--------+--------+-----+--------+

Top non-repeatable levels by time:
     D:9: 1560 daAuts
    D:10: 1449 daAuts
     D:3: 1201 daAuts
     D:5: 1183 daAuts
     D:4: 1159 daAuts
     D:2: 1147 daAuts
    D:11: 1137 daAuts
    D:12: 1111 daAuts
     D:6: 1057 daAuts
     D:7: 1001 daAuts
     D:1: 942 daAuts
     D:8: 825 daAuts
 Ossuary: 583 daAuts
Gauntlet: 502 daAuts
   Sewer: 357 daAuts
